 Dungeon Crawl Stone Soup version 0.28.0-53-g5a82cb258f (webtiles) character file.

Game seed: 15257324900325386137

2547 pkoi the Skirmisher (level 9, 0/74 HPs)
             Began as a Demigod Fighter on June 2, 2022.
             Slain by a polar bear (3 damage)
             ... on level 8 of the Dungeon.
             The game lasted 00:10:59 (13250 turns).

pkoi the Skirmisher (Demigod Fighter)              Turns: 13250, Time: 00:10:59

Health: 0/74       AC: 11    Str: 17    XL:     9   Next: 9%
Magic:  11/11      EV: 11    Int: 18    God:
Gold:   524        SH:  6    Dex: 17    Spells: 6/8 levels left

rFire   . . .      SeeInvis .   l - +0 dagger (venom)
rCold   + . .      Faith    .   b - +0 buckler
rNeg    . . .      Spirit   .   a - +0 scale mail
rPois   .          Reflect  .   f - +0 helmet
rElec   .          Harm     .   (no cloak)
rCorr   .          Rampage  .   (no gloves)
Will    .....                   d - +1 pair of boots
Stlth   ..........              (no amulet)
HPRegen 0.22/turn               m - ring of protection from cold
MPRegen 0.12/turn               y - ring of flight

@: flying
A: high MP 1, forlorn, divine attributes
a: no special abilities


You were on level 8 of the Dungeon.
You visited 1 branch of the dungeon, and saw 8 of its levels.

You collected 524 gold pieces.

Inventory:

Hand Weapons
 e - a +0 dagger
 g - a +0 short sword
 l - a +0 dagger of venom (weapon)
 p - a +1 dagger of electrocution
Missiles
 o - 19 poisoned darts (quivered)
Armour
 a - a +0 scale mail (worn)
 b - a +0 buckler (worn)
 d - a +1 pair of boots (worn)
 f - a +0 helmet (worn)
Jewellery
 m - a ring of protection from cold (left hand)
 s - a ring of fire
 v - a +6 ring of intelligence
 y - a ring of flight (right hand)
 B - a ring of protection from cold
Wands
 h - a wand of iceblast (10)
 k - a wand of paralysis (18)
 n - a wand of digging (4)
 C - a wand of charming (5)
Scrolls
 i - 2 scrolls of identify
 j - 2 scrolls of fear
 t - a scroll of teleportation
 u - a scroll of fog
 x - 2 scrolls of magic mapping
 A - a scroll of enchant armour
Potions
 c - 5 potions of might
 q - a potion of heal wounds
 r - 2 potions of magic
 w - a potion of brilliance
 z - a potion of berserk rage


   Skills:
 + Level 5.6 Fighting
 + Level 5.5 Armour
 + Level 4.4 Dodging
 + Level 5.4 Shields
 + Level 5.0 Unarmed Combat
 + Level 4.1 Evocations


You had 6 spell levels left.
You knew the following spells:

 Your Spells              Type           Power      Damage    Failure   Level
a - Blink                 Tloc           0%         N/A       78%         2

Your spell library contained the following spells:

 Spells                   Type           Power      Damage    Failure   Level
 Ensorcelled Hibernation  Hex/Ice        0%         N/A       78%         2
 Passwall                 Tmut/Erth      0%         N/A       78%         2
 Lesser Beckoning         Tloc           0%         N/A       95%         3
 Swiftness                Air            0%         N/A       95%         3
 Manifold Assault         Tloc           0%         N/A       100%        5


Dungeon Overview and Level Annotations

Branches:
Dungeon (8/15)             Temple (0/1) D:4
   Lair: D:8-11


Innate Abilities, Weirdness & Mutations

You have an increased reservoir of magic. (+10% MP)
You shall have no god before yourself.
Your divine heritage dramatically boosts your attributes as you level up.


Message History

The polar bear barely misses you.
Unknown command.
You hit the polar bear but do no damage.
The polar bear is poisoned.
You feel very sick. The polar bear bites you.
* * * LOW HITPOINT WARNING * * *
The polar bear closely misses you. You block the polar bear's attack.
Unknown command.
You hit the polar bear but do no damage.
The polar bear looks even sicker.
You feel sick.
The polar bear bites you but does no damage.
You block the polar bear's attack.
The polar bear claws you but does no damage.
You hit the polar bear but do no damage.
The polar bear looks as sick as possible!
The polar bear is lightly wounded.
You feel sick. You block the polar bear's attack.
The polar bear claws you but does no damage.
The polar bear misses you.
Unknown command.
You barely miss the polar bear.
The polar bear is lightly wounded.
You feel sick.
The polar bear bites you but does no damage.
You block the polar bear's attack. The polar bear claws you.
* * * LOW HITPOINT WARNING * * *
Unknown command.
You feel sick.
You feel sick.
You feel sick.
You feel sick.
Items here: )))) [[ ††.
You feel sick.
You are no longer poisoned.
There is a stone staircase leading up here.
The polar bear bites you!
* * * LOW HITPOINT WARNING * * *
You block the polar bear's attack. The polar bear claws you.
You die...

#.# ##....## ..
#..._.## #.##
#.....## #..# #[#
#########.#####.##
.......†...Z)....#
......###..####Z.#
....y..###'# #yh#
...y......... #.@#
......#.......#.##
....[.#.......#.#
......#.......#.#
..#####.......#.#
!. ##### #.# #.#
..# ..#


You could see a polar bear (very poisoned), a killer bee and a centaur zombie.

Vanquished Creatures
  Grinder (D:3)
  Edmund (D:5)
  A water moccasin (D:6)
  An orc warrior (D:8)
  2 sky beasts
  2 ogres
  2 phantoms
  Blork the orc (D:4)
  2 kobold brigands
  4 scorpions
  A water moccasin skeleton (D:4)
  4 killer bees (D:8)
  3 electric eels (D:7)
  A bullfrog zombie (D:5)
  2 orc priests
  5 hounds
  2 jellies
  4 centaur skeletons
  3 iguanas
  Ijyb (D:3)
  3 orc wizards
  Robin (D:2)
  7 adders
  2 white imps
  2 worms
  2 dart slugs
  15 orcs
  5 bats
  7 endoplasms
  8 hobgoblins
  5 jackals
  2 quokkas (D:1)
  2 ball pythons
  4 frilled lizards
  15 goblins
  15 kobolds
  6 rats
144 creatures vanquished.

Vanquished Creatures (others)
  2 plants (D:7)
2 creatures vanquished.

Grand Total: 146 creatures vanquished

Notes
Turn   | Place    | Note
-------+----------+-------------------------------------------
     0 | D:1      | pkoi the Demigod Fighter began the quest for the Orb.
     0 | D:1      | Reached XP level 1. HP: 18/18 MP: 3/3
   342 | D:1      | Reached XP level 2. HP: 25/25 MP: 4/4
  1165 | D:2      | You fall into a shaft and drop 1 floor!
  1236 | D:2      | Reached XP level 3. HP: 17/31 MP: 5/5
  1680 | D:2      | Noticed Robin
  1721 | D:2      | Killed Robin
  2440 | D:3      | Noticed Grinder
  3041 | D:3      | Paralysed by Grinder for 4 turns
  3065 | D:3      | Paralysed by Grinder for 7 turns
  3654 | D:3      | Noticed Ijyb
  3668 | D:3      | Paralysed by Ijyb for 2 turns
  3670 | D:3      | Killed Ijyb
  3671 | D:3      | Reached XP level 4. HP: 28/38 MP: 6/6
  3772 | D:3      | Paralysed by Grinder for 5 turns
  3779 | D:3      | Paralysed by Grinder for 2 turns
  4299 | D:3      | Killed Grinder
  4300 | D:3      | Reached skill level 1 in Dodging
  4300 | D:3      | Reached skill level 1 in Evocations
  4300 | D:3      | Reached XP level 5. HP: 46/46 MP: 7/7
  4300 | D:3      | Reached XP level 6. HP: 52/52 MP: 8/8
  5798 | D:4      | Found a staircase to the Ecumenical Temple.
  5895 | D:4      | Noticed Blork the orc
  5915 | D:4      | Killed Blork the orc
  6189 | D:4      | Reached XP level 7. HP: 31/59 MP: 9/9
  7626 | D:5      | Entered Level 5 of the Dungeon
  8224 | D:5      | Reached XP level 8. HP: 43/67 MP: 10/10
  8432 | D:5      | Noticed Edmund
  8463 | D:5      | Killed Edmund
  9117 | D:5      | Reached skill level 5 in Fighting
  9531 | D:6      | Reached skill level 5 in Armour
  9531 | D:6      | Reached skill level 5 in Shields
 10224 | D:7      | Learned a level 2 spell: Blink
 12745 | D:8      | Reached XP level 9. HP: 45/74 MP: 11/11
 13221 | D:8      | Reached skill level 5 in Unarmed Combat
 13250 | D:8      | HP: 3/74 [polar bear (15)]
 13250 | D:8      | Slain by a polar bear

Illustrated notes

Levels and vault maps discovered:
D:1:      dpeg_arrival_tiny_d, layout_rooms
D:2:      layout_loops_ring, dreamdust_ecumenical_altar_angels_and_demons,
          grunt_ministairs_8, uniq_robin
D:3:      layout_basic, nzn_wu_jian_council_hall, mainiacjoe_overflow_chevrons,
          grunt_temple_overflow_open, minmay_fractal_squares_diagonal_5,
          uniq_grinder, uniq_ijyb
D:4:      layout_basic, minmay_temple_entry_proselytizer, uniq_blork_the_orc
D:5:      layout_basic, uniq_edmund
D:6:      layout_cave_pools, nicolae_uskayaw_dance_studio,
          nicolae_elyvilon_peaceful_grove
D:7:      layout_basic, serial_bayou_ford_a
D:8:      layout_basic, trog_butcher_becter, serial_ice, serial_ice_g,
          serial_ice_e, serial_ice_j, serial_ice_m, kennysheep_island_fort

Skill      XL: |  1  2  3  4  5  6  7  8  9 |
---------------+----------------------------+-----
Unarmed Combat | 2 3 4 5 |  5.0
Fighting       | 3 4 5 |  5.6
Shields        | 3 4 5 |  5.4
Armour         | 3 4 5 |  5.5
Dodging        | 1 2 3 4 |  4.4
Evocations     | 1 2 4 |  4.1

Action                   |  1- 3 |  4- 6 |  7- 9 || total
-------------------------+-------+-------+-------++-------
Melee: Dagger            |   258 |   127 |   416 ||   801
       Unarmed           |    16 |       |    52 ||    68
Evoke: Wand              |       |     1 |       ||     1
  Use: Potion            |     5 |       |       ||     5
       Scroll            |     3 |     4 |     7 ||    14
 Stab: Paralysed         |       |     8 |       ||     8
Armor: Scale mail        |   119 |    48 |   208 ||   375
       Skin              |     1 |       |       ||     1
Dodge: Dodged            |   115 |    44 |   219 ||   378
Block: Buckler           |    64 |    24 |   109 ||   197
